 Dungeon Crawl Stone Soup version 0.21-a0-508-gf08a75f (webtiles) character file.

12 mortelune the Skirmisher (level 2, 0/24 HPs)
             Began as a Demonspawn Fighter on Nov 28, 2017.
             Slain by a leopard gecko (4 damage)
             ... on level 1 of the Dungeon.
             The game lasted 00:01:53 (326 turns).

mortelune the Skirmisher (Demonspawn Fighter)        Turns: 326, Time: 00:01:54

Health: 0/24       AC:  6    Str: 16    XL:     2   Next: 20%
Magic:  2/2        EV:  6    Int:  9    God:
Gold:   15         SH:  8    Dex: 12    Spells: 1/1 levels left

rFire    . . .     SeeInvis .   a - +0 flail
rCold    . . .     Gourm    .   c - +0 shield
rNeg     . . .     Faith    .   b - +0 scale mail
rPois    .         Spirit   .   (no helmet)
rElec    .         Reflect  .   (no cloak)
rCorr    .         Harm     .   (no gloves)
MR       .....                  (no boots)
Stlth    +.........             (no amulet)
HPRegen  0.08/turn              (no ring)
MPRegen  0.08/turn              (no ring)

@: no status effects
A: nightstalker 1
a: no special abilities


You were on level 1 of the Dungeon.
You were not hungry.

You visited 1 branch of the dungeon, and saw 1 of its levels.

You collected 15 gold pieces.

Inventory:

Hand Weapons
 a - a +0 flail (weapon)
Armour
 b - a +0 scale mail (worn)
 c - a +0 shield (worn)
Scrolls
 e - a scroll of remove curse {unknown}
 h - a scroll of identify {unknown}
 i - a scroll of teleportation {unknown}
 k - a scroll of enchant armour {unknown}
Potions
 d - a potion of might
 j - 2 potions of curing {unknown}
Comestibles
 f - 2 bread rations
 g - 7 chunks of flesh


   Skills:
 + Level 3.1 Fighting
 * Level 2.2 Maces & Flails
 + Level 2.8 Armour
 - Level 2.6 Shields


You had one spell level left.
You didn't know any spells.

Dungeon Overview and Level Annotations

Branches:
Dungeon (1/15)

Altars:


Innate Abilities, Weirdness & Mutations

You are slightly more attuned to the shadows.


Message History

The bat hits you but does no damage. x2
You closely miss the bat. The bat barely misses you.
The bat closely misses you.
You barely miss the goblin. The bat barely misses you.
You block the bat's attack. The goblin hits you but does no damage.
You block the goblin's attack.
You hit the goblin.
You kill the goblin!
The bat barely misses you. The leopard gecko bites you.
You miss the leopard gecko. The leopard gecko bites you.
* * * LOW HITPOINT WARNING * * *
The bat barely misses you. The leopard gecko bites you.
* * * LOW HITPOINT WARNING * * *
Your shield and scale mail prevent you from hitting the leopard gecko.
The bat barely misses you. The bat completely misses you.
The bat hits you but does no damage. The leopard gecko bites you.
* * * LOW HITPOINT WARNING * * *
You miss the leopard gecko. You block the bat's attack.
The leopard gecko bites you.
You die...

#.#.# ..... # ####.#.#
#... ≈≈ ....
..#####.#### #.
#.##.#.##.......#. ..#
#.##.#.##.##.##..(
...##.##..............
....#.####.####..####.
......####.# #..#
...#.......# #.@#
..........## #..ll...#
.....####.# #..###...
##.....##.# #.b# .
###..#.##.# ##.#
.....#)##.# #.#
###.......# #..
####.#### #.#


You could see a leopard gecko, a bat and a frilled lizard.

Vanquished Creatures
  A dart slug (D:1)
  A bat zombie (D:1)
  A hobgoblin (D:1)
  A jackal (D:1)
  A bat (D:1)
  A frilled lizard (D:1)
  2 goblins (D:1)
  A leopard gecko zombie (D:1)
  2 rats (D:1)
11 creatures vanquished.

Notes
Turn   | Place    | Note
-------+----------+-------------------------------------------
     0 | D:1      | mortelune the Demonspawn Fighter began the quest for the Orb.
     0 | D:1      | Reached XP level 1. HP: 18/18 MP: 1/1
   306 | D:1      | Gained mutation: You are slightly more attuned to the shadows. [demonic ancestry]
   306 | D:1      | Reached XP level 2. HP: 17/24 MP: 2/2
   326 | D:1      | Slain by a leopard gecko

Vault maps used:
D:1:      saegor_arrival_fortress, minmay_octomino_c4

Skill      XL: |  1 |
---------------+----+-----
Maces & Flails | 2 |  2.2
Fighting       | |  3.1
Armour         | |  2.8
Shields        | |  2.6

Action                   || total
-------------------------++-------
Melee: Flail             ||    58
Armor: Scale mail        ||    26
Dodge: Dodged            ||    33
Block: Shield            ||    30

Table legend:
 A = Spawn XP
 B = Non-spawn XP
 C = Spawn XP percentage of total XP
 D = Spawn monster count
 E = Non-spawn monster count
 F = Spawn count percentage of total count
 G = Total turns spent on level
                    A         B        C        D         E        F      G
               +---------+---------+-------+---------+---------+-------+---------
         Total |       0 |      18 |   0.0 |       0 |      11 |   0.0 |   326
               +---------+---------+-------+---------+---------+-------+---------
           D:1 |       0 |      18 |   0.0 |       0 |      11 |   0.0 |   326
               +---------+---------+-------+---------+---------+-------+---------
